CAL
INLAND EMPIRE 66ERS @ LANCASTER JETHAWKS
08/04/2099
 
TOP OF THE 1ST
Inland Empire 66ers batting - Pitching for Lancaster JetHawks : LHP Jeremiah Boatwright
Pitching: LHP Jeremiah Boatwright
Batting: RHB Rodolfo Garcia 0-0: Ball
1-0: Called Strike
1-1: Ball
2-1: Ball
3-1: Base on Balls
Batting: RHB Valentim Morato 0-0: Fielders Choice at 2nd, 5-4 (Groundball, 56, EV 80.6 MPH)
Batting: RHB David Hardy 0-0: Called Strike
0-1: Ball
1-1: Swinging Strike
1-2: Strikes out looking
Batting: SHB Rich Orellana 0-0: Swinging Strike
0-1: Swinging Strike
0-2: Strikes out looking
Top of the 1st over - 0 runs, 0 hits, 0 errors, 1 left on base; Inland Empire 0 - Lancaster 0
BOTTOM OF THE 1ST
Lancaster JetHawks batting - Pitching for Inland Empire 66ers : RHP Angelo Campos
Pitching: RHP Angelo Campos
Batting: RHB Paul Baudry 0-0: Ball
1-0: Swinging Strike
1-1: Ground out 6-3 (Groundball, 6, EV 85.0 MPH)
Batting: RHB Travis Goodman 0-0: Ball
1-0: Called Strike
1-1: Swinging Strike
1-2: Foul Ball, location: 2F
1-2: Foul Ball, location: 5F
1-2: Ball
2-2: Fly out, F7 (Flyball, 78M, EV 90.0 MPH)
Batting: RHB Matt Widman 0-0: Ball
1-0: Called Strike
1-1: Swinging Strike
1-2: Foul Ball, location: 5F
1-2: Ball
2-2: Ball
3-2: Fly out, F7 (Flyball, 78S, EV 91.9 MPH)
Bottom of the 1st over - 0 runs, 0 hits, 0 errors, 0 left on base; Inland Empire 0 - Lancaster 0
TOP OF THE 2ND
Inland Empire 66ers batting - Pitching for Lancaster JetHawks : LHP Jeremiah Boatwright
Batting: RHB Adam Scott 0-0: Ball
1-0: Fly out, F5 (Popup, 5SF, EV 72.5 MPH)
Batting: RHB Jason Southerland 0-0: Ball
1-0: Called Strike
1-1: DOUBLE (Flyball, 8LXD, EV 108.1 MPH)
Pinch Runner at 2nd Guy Epperson:
Batting: LHB Kevin Zarndt 0-0: Called Strike
0-1: Ball
1-1: Foul Ball, location: 5FF
1-2: Strikes out swinging
Batting: RHB Arturo Ramirez 0-0: Swinging Strike
0-1: Ball
1-1: Ball
2-1: Ball
3-1: Called Strike
3-2: Foul Ball, location: 2F
3-2: Strikes out swinging
Top of the 2nd over - 0 runs, 1 hit, 0 errors, 1 left on base; Inland Empire 0 - Lancaster 0
BOTTOM OF THE 2ND
Lancaster JetHawks batting - Pitching for Inland Empire 66ers : RHP Angelo Campos
Batting: RHB Oscar Garza 0-0: Ball
1-0: Ball
2-0: Ball
3-0: Called Strike
3-1: Called Strike
3-2: Base on Balls
Batting: RHB Chad Erickson 0-0: Ball
1-0: Ball
2-0: Ball
3-0: Called Strike
3-1: Base on Balls
Oscar Garza to second
Batting: RHB Gary Wilson 0-0: Ball
1-0: Called Strike
1-1: Swinging Strike
1-2: Ball
2-2: Ball
3-2: Base on Balls
Oscar Garza to third
Chad Erickson to second
Batting: RHB Matt Freeman 0-0: Ball
1-0: Foul Ball, location: 2F
1-1: Foul Ball, location: 7LMFF
1-2: Ball
2-2: SINGLE (Line Drive, 7LS, EV 93.8 MPH)
Oscar Garza scores
Chad Erickson to third
Gary Wilson to second
Batting: LHB Sam Latsch 0-0: Ball
1-0: DOUBLE (Line Drive, 9LM, EV 98.1 MPH)
Chad Erickson scores
Gary Wilson scores
Matt Freeman to third
Batting: LHB Roy Jacob 0-0: Called Strike
0-1: Ball
1-1: Swinging Strike
1-2: Ball
2-2: Ball
3-2: SINGLE (Line Drive, 8LS, EV 88.1 MPH)
Matt Freeman scores
Sam Latsch to third
Batting: RHB Paul Baudry 0-0: Ball
1-0: Swinging Strike
1-1: SINGLE (Groundball, 34D, EV 99.4 MPH)
Sam Latsch scores
Roy Jacob to second
Runner from 2nd tries for 3rd, SAFE, throw by RF made to third
Batting: RHB Travis Goodman 0-0: Ball
1-0: Ball
2-0: Ball
3-0: Called Strike
3-1: Base on Balls
Paul Baudry to second
Batting: RHB Matt Widman 0-0: Called Strike
0-1: Called Strike
0-2: SINGLE (Line Drive, 56, EV 101.3 MPH)
Roy Jacob scores
Paul Baudry to third
Travis Goodman to second
Pitching: RHP Mario Jan
Batting: RHB Oscar Garza 0-0: Ball
1-0: Ball
2-0: GRAND SLAM HOME RUN (Flyball, 7D, EV 95.6 MPH), Distance : 365 ft
Batting: RHB Chad Erickson 0-0: Ball
1-0: Swinging Strike
1-1: Ball
2-1: Ball
3-1: Foul Ball, location: 2LF
3-2: Foul Ball, location: 2F
3-2: Base on Balls
Batting: RHB Gary Wilson 0-0: SINGLE (Line Drive, 78M, EV 103.1 MPH)
Chad Erickson to second
Batting: RHB Matt Freeman 0-0: Ball
1-0: Ball
2-0: Ball
3-0: Base on Balls
Chad Erickson to third
Gary Wilson to second
Batting: LHB Sam Latsch 0-0: Called Strike
0-1: Fly out, F9 (Flyball, 9D, EV 91.9 MPH)
Runner from 3rd tags up, SCORES, no throw by RF
Batting: LHB Roy Jacob 0-0: Ball
1-0: Ball
2-0: Ball
3-0: Base on Balls
Gary Wilson to third
Matt Freeman to second
Batting: RHB Paul Baudry 0-0: Foul Ball, location: 23F
0-1: Ball
1-1: Called Strike
1-2: Reached on error, E5 (Groundball, 56, EV 91.9 MPH)
Gary Wilson scores
Matt Freeman to third
Roy Jacob to second
Batting: RHB Travis Goodman 0-0: SINGLE (Flyball, 56D, EV 98.8 MPH)
Matt Freeman scores
Roy Jacob to third
Paul Baudry to second
Runner from 3rd tries for Home, SAFE, throw by LF to home
Pitching: RHP Chris Sessoms
Batting: RHB Matt Widman 0-0: Called Strike
0-1: Ball
1-1: Ball
2-1: Ball
3-1: Base on Balls
Paul Baudry to third
Travis Goodman to second
Batting: RHB Oscar Garza 0-0: Foul Ball, location: 3DF
0-1: Fly out, F4 (Popup, 4S, EV 85.6 MPH)
Batting: RHB Chad Erickson 0-0: GRAND SLAM HOME RUN (Flyball, 78XD, EV 113.1 MPH), Distance : 428 ft
Batting: RHB Gary Wilson 0-0: Called Strike
0-1: Ball
1-1: Ball
2-1: Ball
3-1: Base on Balls
Batting: RHB Matt Freeman 0-0: Called Strike
0-1: Called Strike
0-2: Ball
Wild Pitch!
Gary Wilson to second
1-2: Strikes out swinging
Bottom of the 2nd over - 18 runs, 9 hits, 1 error, 1 left on base; Inland Empire 0 - Lancaster 18
TOP OF THE 3RD
Inland Empire 66ers batting - Pitching for Lancaster JetHawks : LHP Jeremiah Boatwright
Batting: LHB Jamel Adams 0-0: Ball
1-0: Fly out, F8 (Flyball, 78D, EV 91.3 MPH)
Batting: RHB Rodolfo Garcia 0-0: Foul Ball, location: 3DF
0-1: Foul Ball, location: 3FF
0-2: Foul Ball, location: 9LSF
0-2: Ball
1-2: Foul Ball, location: 23F
1-2: Strikes out swinging
Batting: RHB Valentim Morato 0-0: SINGLE (Flyball, 78S, EV 93.1 MPH)
Batting: RHB David Hardy 0-0: Ball
1-0: Swinging Strike
1-1: Called Strike
1-2: Strikes out swinging
Top of the 3rd over - 0 runs, 1 hit, 0 errors, 1 left on base; Inland Empire 0 - Lancaster 18
BOTTOM OF THE 3RD
Lancaster JetHawks batting - Pitching for Inland Empire 66ers : RHP Chris Sessoms
Batting: LHB Sam Latsch 0-0: Ball
1-0: Called Strike
1-1: Foul Ball, location: 5SF
1-2: Ball
2-2: Ball
3-2: Foul Ball, location: 3FF
3-2: Fly out, F8 (Flyball, 8RS, EV 93.8 MPH)
Batting: LHB Roy Jacob 0-0: Ball
1-0: Fly out, F9 (Line Drive, 9S, EV 92.5 MPH)
Batting: RHB Paul Baudry 0-0: Hit by Pitch
Batting: RHB Travis Goodman 0-0: Called Strike
0-1: Swinging Strike
0-2: Ball
1-2: Strikes out looking
Bottom of the 3rd over - 0 runs, 0 hits, 0 errors, 1 left on base; Inland Empire 0 - Lancaster 18
TOP OF THE 4TH
Inland Empire 66ers batting - Pitching for Lancaster JetHawks : LHP Jeremiah Boatwright
Batting: SHB Rich Orellana 0-0: Ball
1-0: Swinging Strike
1-1: Ball
2-1: Hit by Pitch
Batting: RHB Adam Scott 0-0: Ball
1-0: Foul Ball, location: 2F
1-1: Fly out, F8 (Flyball, 8LD, EV 106.3 MPH)
Batting: SHB Guy Epperson 0-0: Ball
1-0: Swinging Strike
1-1: Foul Ball, location: 2F
1-2: Fly out, F6 (Popup, 6M, EV 80.6 MPH)
Batting: LHB Kevin Zarndt 0-0: Ball
1-0: Ball
2-0: Ball
3-0: Ground out 4-3 (Groundball, 4, EV 90.0 MPH)
Top of the 4th over - 0 runs, 0 hits, 0 errors, 1 left on base; Inland Empire 0 - Lancaster 18
BOTTOM OF THE 4TH
Lancaster JetHawks batting - Pitching for Inland Empire 66ers : RHP Chris Sessoms
Batting: RHB Matt Widman 0-0: Called Strike
0-1: Ground out 6-3 (Groundball, 6, EV 103.1 MPH)
Batting: RHB Oscar Garza 0-0: Swinging Strike
0-1: Ball
1-1: Foul Ball, location: 2F
1-2: Foul Ball, location: 5F
1-2: Ball
2-2: Strikes out swinging
Batting: RHB Chad Erickson 0-0: Ball
1-0: Ball
2-0: Foul Ball, location: 2F
2-1: Ball
3-1: DOUBLE (Flyball, 8RXD, EV 108.8 MPH)
Batting: RHB Gary Wilson 0-0: Foul Ball, location: 2F
0-1: Ball
1-1: Foul Ball, location: 7LDF
1-2: Ball
2-2: SINGLE (Flyball, 7LS, EV 94.4 MPH)
Chad Erickson to third
Runner from 3rd tries for Home, SAFE, throw by LF to home
Pitching: LHP David Medina
Batting: RHB Matt Freeman 0-0: Ball
1-0: Called Strike
1-1: Swinging Strike
1-2: Strikes out swinging
Bottom of the 4th over - 1 run, 2 hits, 0 errors, 1 left on base; Inland Empire 0 - Lancaster 19
TOP OF THE 5TH
Inland Empire 66ers batting - Pitching for Lancaster JetHawks : LHP Jeremiah Boatwright
Batting: RHB Arturo Ramirez 0-0: Foul Ball, location: 2F
0-1: Called Strike
0-2: Foul Ball, location: 3SF
0-2: Ball
1-2: Ball
2-2: Ball
3-2: Strikes out looking
Batting: LHB Jamel Adams 0-0: Ball
1-0: Ball
2-0: SINGLE (Groundball, 15, EV 63.1 MPH) (infield hit)
Batting: RHB Rodolfo Garcia 0-0: Called Strike
0-1: Ball
1-1: Called Strike
1-2: Strikes out looking
Batting: RHB Valentim Morato 0-0: Fielders Choice at 2nd, 6-4 (Groundball, 56, EV 98.8 MPH)
Top of the 5th over - 0 runs, 1 hit, 0 errors, 1 left on base; Inland Empire 0 - Lancaster 19
BOTTOM OF THE 5TH
Lancaster JetHawks batting - Pitching for Inland Empire 66ers : LHP David Medina
Batting: LHB Sam Latsch 0-0: Ball
1-0: Foul Ball, location: 3F
1-1: Foul Ball, location: 7LMF
1-2: Ball
2-2: Ground out 1-3 (Groundball, 13S, EV 65.0 MPH)
Batting: LHB Roy Jacob 0-0: Ball
1-0: Ball
2-0: Ball
3-0: Called Strike
3-1: Fly out, F8 (Flyball, 8LD, EV 94.4 MPH)
Batting: RHB Paul Baudry 0-0: Ball
1-0: Ground out 5-3 (Groundball, 56S, EV 66.3 MPH)
Bottom of the 5th over - 0 runs, 0 hits, 0 errors, 0 left on base; Inland Empire 0 - Lancaster 19
TOP OF THE 6TH
Inland Empire 66ers batting - Pitching for Lancaster JetHawks : LHP Jeremiah Boatwright
Batting: RHB David Hardy 0-0: Fly out, F8 (Flyball, 8RS, EV 92.5 MPH)
Batting: SHB Rich Orellana 0-0: Ball
1-0: Ball
2-0: Foul Ball, location: 9LMF
2-1: Foul Ball, location: 2F
2-2: SINGLE (Line Drive, 6D, EV 96.3 MPH)
Batting: RHB Adam Scott 0-0: Ball
1-0: Ball
2-0: Called Strike
2-1: Foul Ball, location: 2F
2-2: Strikes out swinging
Batting: SHB Guy Epperson 0-0: Swinging Strike
0-1: Swinging Strike
0-2: Strikes out swinging
Top of the 6th over - 0 runs, 1 hit, 0 errors, 1 left on base; Inland Empire 0 - Lancaster 19
BOTTOM OF THE 6TH
Lancaster JetHawks batting - Pitching for Inland Empire 66ers : LHP David Medina
Batting: RHB Travis Goodman 0-0: Called Strike
0-1: Ball
1-1: Ground out 4-3 (Groundball, 4, EV 88.8 MPH)
Batting: RHB Matt Widman 0-0: Foul Ball, location: 3DF
0-1: Ground out 6-3 (Groundball, 6, EV 109.4 MPH)
Batting: RHB Oscar Garza 0-0: Foul Ball, location: 2F
0-1: Ball
1-1: Called Strike
1-2: DOUBLE (Flyball, 89XD, EV 108.8 MPH)
Batting: RHB Chad Erickson 0-0: Foul Ball, location: 9LMF
0-1: Foul Ball, location: 2F
0-2: Ball
1-2: Fly out, F8 (Flyball, 78M, EV 93.8 MPH)
Bottom of the 6th over - 0 runs, 1 hit, 0 errors, 1 left on base; Inland Empire 0 - Lancaster 19
TOP OF THE 7TH
Inland Empire 66ers batting - Pitching for Lancaster JetHawks : LHP Jeremiah Boatwright
Pinch Hitting: RHB Matt Arney 0-0: Foul Ball, location: 25F
0-1: Called Strike
0-2: Ball
1-2: Ball
2-2: Strikes out swinging
Batting: RHB Arturo Ramirez 0-0: Ball
1-0: Called Strike
1-1: Swinging Strike
1-2: Ball
2-2: Strikes out swinging
Batting: LHB Jamel Adams 0-0: Called Strike
0-1: Swinging Strike
0-2: Strikes out swinging
Top of the 7th over - 0 runs, 0 hits, 0 errors, 0 left on base; Inland Empire 0 - Lancaster 19
BOTTOM OF THE 7TH
Lancaster JetHawks batting - Pitching for Inland Empire 66ers : LHP David Medina
Now in RF: Matt Arney
Batting: RHB Gary Wilson 0-0: Foul Ball, location: 2F
0-1: Ground out 1-3 (Groundball, 15S, EV 68.1 MPH)
Pinch Hitting: RHB Corey Traylor 0-0: Fly out, F9 (Flyball, 9D, EV 101.9 MPH)
Batting: LHB Sam Latsch 0-0: Ball
1-0: Called Strike
1-1: Ground out 5-3 (Groundball, 56, EV 102.5 MPH)
Bottom of the 7th over - 0 runs, 0 hits, 0 errors, 0 left on base; Inland Empire 0 - Lancaster 19
TOP OF THE 8TH
Inland Empire 66ers batting - Pitching for Lancaster JetHawks : LHP Jeremiah Boatwright
Now at 1B: Roy Jacob
Now in LF: Alex Romero
Batting: RHB Rodolfo Garcia 0-0: Ball
1-0: Ball
2-0: Called Strike
2-1: Fly out, F8 (Flyball, 8LM, EV 93.8 MPH)
Batting: RHB Valentim Morato 0-0: Ball
1-0: Fly out, F9 (Line Drive, 9S, EV 88.8 MPH)
Batting: RHB David Hardy 0-0: Ball
1-0: Hit by Pitch
Batting: SHB Rich Orellana 0-0: Ball
1-0: Swinging Strike
1-1: Ball
2-1: Swinging Strike
2-2: Strikes out swinging
Top of the 8th over - 0 runs, 0 hits, 0 errors, 1 left on base; Inland Empire 0 - Lancaster 19
BOTTOM OF THE 8TH
Lancaster JetHawks batting - Pitching for Inland Empire 66ers : LHP David Medina
Batting: LHB Roy Jacob 0-0: Fly out, F6 (Line Drive, 6, EV 70.0 MPH)
Pinch Hitting: RHB Pete Hartley 0-0: Foul Ball, location: 3F
0-1: Ball
1-1: SINGLE (Flyball, 56D, EV 71.9 MPH)
Batting: RHB Travis Goodman 0-0: Called Strike
0-1: Ball
1-1: Ball
2-1: Swinging Strike
2-2: Foul Ball, location: 3DF
2-2: Ball
3-2: Base on Balls
Pete Hartley to second
Batting: RHB Matt Widman 0-0: Called Strike
0-1: Foul Ball, location: 5F
0-2: Fielders Choice at 2nd, 4-6 (Groundball, 4M, EV 82.5 MPH)
Pete Hartley to third
Pinch Hitting: RHB Fernando Soliz 0-0: Ground out U3 (Groundball, 34S, EV 86.3 MPH)
Bottom of the 8th over - 0 runs, 1 hit, 0 errors, 2 left on base; Inland Empire 0 - Lancaster 19
TOP OF THE 9TH
Inland Empire 66ers batting - Pitching for Lancaster JetHawks : LHP Jeremiah Boatwright
Now at 3B: Fernando Soliz
Now in CF: Pete Hartley
Batting: RHB Adam Scott 0-0: Called Strike
0-1: Swinging Strike
0-2: Strikes out swinging
Batting: SHB Guy Epperson 0-0: Called Strike
0-1: Ball
1-1: Foul Ball, location: 2F
1-2: Strikes out looking
Batting: RHB Matt Arney 0-0: Swinging Strike
0-1: Swinging Strike
0-2: Strikes out swinging
Top of the 9th over - 0 runs, 0 hits, 0 errors, 0 left on base; Inland Empire 0 - Lancaster 19
Monday, May 13th , 2024 - OOTP Baseball 24.11 Build 85